 Dungeon Crawl Stone Soup version 0.29-a0-582-ge82337ba6a (webtiles) character file.

Game seed: 4646306685890320292

273 omnomnOMINOUS the Chopper (level 6, 0/41 HPs)
             Began as an Octopode Wanderer on May 28, 2022.
             Was an Elder of Ru.
             Slain by an ogre
             ... wielding a +0 giant club
              (22 damage)
             ... on level 4 of the Dungeon on June 14, 2022.
             The game lasted 00:12:39 (3748 turns).

omnomnOMINOUS the Chopper (Octopode Wanderer)       Turns: 3748, Time: 00:12:40

Health: 0/41       AC:  1    Str: 13    XL:     6   Next: 24%
Magic:  9/9        EV: 13    Int: 14    God:    Ru [****..]
Gold:   266        SH:  0    Dex: 12    Spells: 4/9 levels left

rFire   x . .      SeeInvis .   a - +2 demon trident (venom)
rCold   x . .      Faith    .   (no shield)
rNeg    . . .      Spirit   .   (helmet restricted)
rPois   +          Reflect  .   (no amulet)
rElec   .          Harm     .   n - ring of resist corrosion
rCorr   +          Rampage  .   u - ring of poison resistance
Will    .....                   (no ring)
Stlth   ++........              (no ring)
HPRegen 0.13/turn               (no ring)
MPRegen 0.11/turn               (no ring)
                                (no ring)
                                (no ring)

@: no status effects
A: almost no armour, amphibious, 8 rings, camouflage 1, gelatinous body 1,
inability to use devices, temperature sensitive, (nimble swimmer 1), tentacles
a: Renounce Religion, Draw Out Power, Power Leap


You were on level 4 of the Dungeon.
You worshipped Ru.
Ru was greatly pleased with you.
You visited 1 branch of the dungeon, and saw 4 of its levels.

You collected 266 gold pieces.

Inventory:

Hand Weapons
 a - a +2 demon trident of venom (weapon)
 b - a +0 war axe
 c - a +0 dagger
Missiles
 v - 11 poisoned darts (quivered)
Jewellery
 n - a ring of resist corrosion (left tentacle)
 u - a ring of poison resistance (right tentacle)
Scrolls
 f - a scroll of summoning {unknown}
 i - a scroll of noise {unknown}
 j - 2 scrolls of vulnerability
 l - 2 scrolls of immolation {unknown}
 m - a scroll of enchant weapon {unknown}
 o - 2 scrolls of teleportation {unknown}
 p - a scroll of blinking {unknown}
Potions
 d - a potion of heal wounds
 g - 3 potions of lignification
 h - 3 potions of mutation
 q - 2 potions of flight
 r - a potion of cancellation {unknown}
 s - 3 potions of curing
 t - a potion of ambrosia {unknown}
 w - a potion of resistance {unknown}


   Skills:
 + Level 2.7 Fighting
 - Level 5.4(5.6) Axes
 * Level 2.3(4.1) Polearms
 - Level 2.0 Throwing
 + Level 2.3 Dodging
 - Level 2.0 Spellcasting
 + Level 1.4 Summonings
 - Level 1.0 Translocations
 + Level 1.3 Ice Magic


You had 4 spell levels left.
You knew the following spells:

 Your Spells              Type           Power      Damage    Failure   Level
a - Apportation           Tloc           8%         N/A       16%         1
b - Summon Ice Beast      Ice/Summ       5%         N/A       80%         4

Your spell library contained the following spells:

 Spells                   Type           Power      Damage    Failure   Level
 Summon Small Mammal      Summ           20%        N/A       13%         1
 Necrotize                Necr           4%         1d4       24%         1
 Static Discharge         Conj/Air       1%         N/A       34%         2
 Lesser Beckoning         Tloc           4%         N/A       43%         3
 Confusing Touch          Hex            1%         N/A       56%         3
 Dispel Undead            Necr           1%         3d6       93%         4
 Sticky Flame             Conj/Fire      1%         2d3       93%         4
 Summon Mana Viper        Hex/Summ       3%         N/A       99%         5
 Yara's Violent Unravell  Hex/Tmut       0%         3d3       100%        5
 Enfeeble                 Hex            0%         N/A       100%        7
 Monstrous Menagerie      Summ           2%         N/A       100%        7


Dungeon Overview and Level Annotations

Branches:
Dungeon (4/15)
 Temple: D:4-7

Altars:
Ru
Uskayaw

Annotations:
D:4 exclusion: ice beast


Innate Abilities, Weirdness & Mutations

You cannot wear most types of armour.
You are amphibious.
You can wear up to eight rings at the same time.
Your skin changes colour to match your surroundings (Stealth+).
Your rubbery body absorbs attacks. (AC +1, EV +1)
You cannot study or use magical devices.
You are sensitive to extremes of temperature. (rF-, rC-)
((You are camouflaged when in or above water. (Stealth+)))
You have tentacles for arms and can constrict up to eight enemies at once.


Message History

The ice beast is lightly wounded.
The ice beast closely misses you. The ice beast completely misses you.
You hit the ice beast.
The ice beast looks as sick as possible!
You squeeze the ice beast.
The ice beast is moderately wounded.
The ice beast closely misses you.
You closely miss the ice beast.
The ice beast is heavily wounded.
The ice beast hits you. The ice beast freezes you!!
You feel a terrible chill!
Ouch! That really hurt!
You closely miss the ice beast.
The ice beast is almost dead.
The ice beast barely misses you.
You barely miss the ice beast.
The ice beast is almost dead.
The ice beast hits you. The ice beast freezes you!
You feel a terrible chill!
* * * LOW HITPOINT WARNING * * *
Okay, then.
Unknown command.
You feel much better.
The ice beast hits you but does no damage.
You hit the ice beast.
You squeeze the ice beast, but do no damage.
The ice beast is almost dead.
The ice beast closely misses you.
You completely miss the ice beast.
The ogre shouts!
You squeeze the ice beast.
You kill the ice beast!
Your base Polearms skill increases to level 2!
Your Ice Magic skill increases to level 1!
You have reached level 6!
You reach to attack!
You barely miss the ogre. You barely miss the ogre.
The ogre hits you with a +0 giant club!
You puncture the ogre!
The ogre is moderately wounded.
The ogre hits you with a +0 giant club!!
Ouch! That really hurt!
You die...

##...#..................##.......
.....##.........#......####.....#
..#.............#.....## ##.....
.#####.###......#.....#####......
## #.# ###............#........
## #.## #.###....###.)).......
.####...## #.# #....# ##.........
.........##..# #...####..........
.##.......#..###@.####...........
###..........##.O.###.....>......
.###.........##...#..............
.###........................###.#
..#....?..O.....#...........# #.#
.......#.....##..........#.## #.#
.##...####..###.........#..# #.#
.###.## #..##.............####..
.###.#####.#..........#..#.......


You could see an ogre.

Vanquished Creatures
  An ice beast (D:4)
  A hound (D:4)
  An iguana (D:4)
  7 adders
  3 dart slugs
  An orc (D:4)
  5 endoplasms
  A giant cockroach (D:1)
  11 goblins
  6 hobgoblins
  A quokka (D:4)
  5 ball pythons
  5 bats
  A frilled lizard (D:2)
  6 kobolds
  3 rats
58 creatures vanquished.

Notes
Turn   | Place    | Note
-------+----------+-------------------------------------------
     0 | D:1      | omnomnOMINOUS the Octopode Wanderer began the quest for the
                  | Orb.
     0 | D:1      | omnomnOMINOUS set off with the following items: a +0 war
                  | axe, 11 poisoned darts, a +0 dagger, a potion of heal
                  | wounds; and the following spell memorised: Apportation; and
                  | the following spells available to memorise: Lesser
                  | Beckoning
     0 | D:1      | Reached XP level 1. HP: 13/13 MP: 2/2
   387 | D:1      | Reached XP level 2. HP: 13/18 MP: 3/3
   892 | D:2      | Reached skill level 1 in Dodging
   892 | D:2      | Reached XP level 3. HP: 19/24 MP: 5/5
  1108 | D:2      | Found a faded altar of an unknown god.
  1114 | D:2      | Prayed at the altar of an unknown god.
  1114 | D:2      | Became a worshipper of Ru the Awakened
  1128 | D:2      | Gained mutation: You are sensitive to extremes of
                  | temperature. (rF-, rC-) [Ru sacrifice]
  1128 | D:2      | Reached * piety under Ru
  1128 | D:2      | Reached ** piety under Ru
  1256 | D:2      | Found a hide-covered altar of Uskayaw.
  1487 | D:3      | Reached XP level 4. HP: 8/29 MP: 6/6
  2367 | D:4      | Learned a level 4 spell: Summon Ice Beast
  2465 | D:4      | Noticed an ice beast
  2775 | D:4      | Upgraded the game from 0.29-a0-495-g17b79114eb to
                  | 0.29-a0-582-ge82337ba6a
  2865 | D:4      | Reached skill level 1 in Polearms
  2865 | D:4      | Reached XP level 5. HP: 28/35 MP: 5/8
  3112 | D:4      | Reached skill level 1 in Summonings
  3138 | D:4      | Gained mutation: You cannot study or use magical devices.
                  | [Ru sacrifice]
  3138 | D:4      | Reached *** piety under Ru
  3138 | D:4      | Reached **** piety under Ru
  3725 | D:4      | Noticed an ogre
  3745 | D:4      | Killed an ice beast
  3746 | D:4      | Reached skill level 1 in Ice Magic
  3746 | D:4      | Reached XP level 6. HP: 33/41 MP: 9/9
  3748 | D:4      | Slain by an ogre

Illustrated notes

Levels and vault maps discovered:
D:1:      amcnicky_arrival_feature_with_door, layout_rooms
D:2:      layout_basic, basic_altar, hellmonk_ecumenical_altar_run_dry,
          minmay_pentomino_pile
D:3:      layout_basic
D:4:      layout_layer_cave

Skill      XL: |  1  2  3  4  5 |
---------------+----------------+-----
Dodging        | 1 2 |  2.3
Fighting       | 2 |  2.7
Spellcasting   | 2 |  2.0
Polearms       | 1 2 |  2.3
Summonings     | 1 |  1.4
Ice Magic      | 1 |  1.3
Axes           | |  5.4
Throwing       | |  2.0
Translocations | |  1.0

Action                   |  1- 3 |  4- 6 || total
-------------------------+-------+-------++-------
Melee: War axe           |    50 |    20 ||    70
       Constrict         |    11 |    11 ||    22
       Tentacles         |     7 |     7 ||    14
       Demon trident     |       |    46 ||    46
       Punch             |       |     1 ||     1
Throw: Dart              |     1 |       ||     1
 Cast: Apportation       |       |     2 ||     2
Invok: Sacrifice Resista |     1 |       ||     1
       Sacrifice Artific |       |     1 ||     1
  Use: Scroll            |       |     6 ||     6
       Potion            |       |     1 ||     1
 Stab: Sleeping          |     2 |     7 ||     9
Armor: Skin              |     7 |     4 ||    11
Dodge: Dodged            |    32 |    20 ||    52

Table legend: (Time is in decaauts)
 A = Elapsed time spent in this place.
 B = Non-inter-level travel time spent in this place.
 C = Inter-level travel time spent in this place.
 D = Time resting spent in this place.
 E = Time spent auto-exploring this place.
 F = Levels seen in this place.
 G = Mean time per level.
                   A        B        C        D        E       F      G
               +--------+--------+--------+--------+--------+-----+--------+
         Total |   3768 |   3706 |     62 |    443 |   2761 |   4 |  942.0 |
       Dungeon |   3768 |   3706 |     62 |    443 |   2761 |   4 |  942.0 |
               +--------+--------+--------+--------+--------+-----+--------+

Top non-repeatable levels by time:
     D:4: 1396 daAuts
     D:3: 907 daAuts
     D:1: 827 daAuts
     D:2: 636 daAuts
